 Dungeon Crawl Stone Soup version 0.27.0-1-g7a089689b8 (webtiles) character file.

Game seed: 7529223437270815824

39 ZARRMARR the Chopper (level 3, -7/33 HPs)
             Began as a Hill Orc Monk on Aug 12, 2021.
             Killed from afar by a white imp (8 damage)
             ... with a puff of frost
             ... summoned by Natasha
             ... on level 2 of the Dungeon.
             The game lasted 00:08:25 (1326 turns).

ZARRMARR the Chopper (Hill Orc Monk)                Turns: 1326, Time: 00:08:26

Health: -7/33      AC:  2    Str: 14    XL:     3   Next: 45%
Magic:  3/3        EV: 12    Int: 10    God:
Gold:   38         SH:  0    Dex: 13    Spells: 2/2 levels left

rFire    . . .     SeeInvis .   a - +0 hand axe
rCold    . . .     Faith    .   (no shield)
rNeg     . . .     Spirit   .   b - +0 robe
rPois    .         Reflect  .   (no helmet)
rElec    .         Harm     .   (no cloak)
rCorr    .         Rampage  .   (no gloves)
Will     .....                  (no boots)
Stlth    ++........             (no amulet)
HPRegen  0.11/turn              (no ring)
MPRegen  0.08/turn              (no ring)

@: slowed, very slow
A: no striking features
a: no special abilities


You were on level 2 of the Dungeon.
You visited 1 branch of the dungeon, and saw 2 of its levels.

You collected 38 gold pieces.

Inventory:

Hand Weapons
 a - a +0 hand axe (weapon)
 d - a +0 club
Missiles
 f - 49 stones (quivered)
Armour
 b - a +0 robe (worn)
Scrolls
 i - a scroll of silence {unknown}
Potions
 c - a potion of ambrosia {unknown}
 h - a potion of berserk rage {unknown}


   Skills:
 + Level 4.1 Fighting
 + Level 4.7 Axes
 + Level 0.2 Throwing
 + Level 2.8 Dodging
 + Level 1.7 Stealth
 * Level 0.1 Earth Magic


You had 2 spell levels left.
You didn't know any spells.
Your spell library contained the following spells:

 Spells                   Type           Power      Damage    Failure   Level
 Sandblast                Erth           0%         2d4       36%         1
 Passwall                 Tmut/Erth      0%         N/A       50%         2
 Ignite Poison            Fire/Tmut/Pois 0%         N/A       75%         3
 Mephitic Cloud           Conj/Pois/Air  0%         N/A       75%         3
 Bolt of Magma            Conj/Fire/Erth 0%         4d4       100%        5
 Lee's Rapid Deconstruct  Erth           0%         3d5*      100%        5


Dungeon Overview and Level Annotations

Branches:
Dungeon (2/15)

Altars:

Annotations:
D:2 Natasha


Message History

You throw a stone. The stone hits Natasha.
Natasha is lightly wounded.
Unknown command.
Throw: 52 stones
Press: ? - help, Q - select action Shift-Dir - straight line, f/p - Natasha
Aim: Natasha (lightly wounded, 51% to hit)
You throw a stone. The stone hits Natasha.
Natasha is moderately wounded.
Unknown command.
Throw: 51 stones
Press: ? - help, Q - select action Shift-Dir - straight line, f/p - Natasha
Aim: Natasha (moderately wounded, 51% to hit)
You throw a stone.
The stone hits Natasha but does no damage.
Natasha is moderately wounded.
Natasha casts a spell at you.
You feel yourself slow down.
Throw: 50 stones
Press: ? - help, Q - select action Shift-Dir - straight line, f/p - Natasha
Aim: Natasha (moderately wounded, 51% to hit)
You throw a stone.
The stone hits Natasha but does no damage.
Natasha is moderately wounded.
Natasha claws you!
You closely miss Natasha.
Natasha is moderately wounded.
Natasha misses you. Natasha claws you! The white imp gestures at you.
The puff of frost hits you!
* * * LOW HITPOINT WARNING * * *
Natasha casts a spell.
Blink to where?
Press: ? - help, Dir - move target, p - Natasha
As you read the scroll of blinking, it crumbles to dust.
The white imp gestures at you. The puff of frost hits you!
* * * LOW HITPOINT WARNING * * *
The white imp gestures at you. The puff of frost hits you!
You die...

...........#
...........##
............###
..............###
######...........
#...........
#...†.##....
#..)).## #.#
#...@..# #
#..#.#.#
#..#.#...
#..#5##### #..#h#
#>..5# #.#.(# #
#.(# #.(#


You could see Natasha, a crimson imp (summoned) and a white imp (summoned).

Vanquished Creatures
  A dart slug (D:1)
  A ball python (D:2)
  3 endoplasms (D:1)
  A giant cockroach (D:1)
  5 goblins
  5 hobgoblins
  3 jackals (D:1)
  6 kobolds
  A bat (D:1)
  3 frilled lizards
  2 rats (D:1)
31 creatures vanquished.

Vanquished Creatures (others)
  4 toadstools (D:1)
4 creatures vanquished.

Grand Total: 35 creatures vanquished

Notes
Turn   | Place    | Note
-------+----------+-------------------------------------------
     0 | D:1      | ZARRMARR the Hill Orc Monk began the quest for the Orb.
     0 | D:1      | Reached XP level 1. HP: 19/19 MP: 1/1
   249 | D:1      | Reached XP level 2. HP: 17/27 MP: 2/2
   534 | D:1      | Reached XP level 3. HP: 16/33 MP: 3/3
  1314 | D:2      | Noticed Natasha
  1326 | D:2      | HP: 1/33 [white imp/puff of frost[Natasha] (8)]
  1326 | D:2      | Killed from afar by a white imp

Illustrated notes

Levels and vault maps discovered:
D:1:      ldierk_walled_garden_2, layout_basic, minmay_misc_feat_pillars,
          due_unseen_surprise
D:2:      layout_rooms, serial_bayou_lagoon_a, uniq_natasha,
          uniq_crazy_yiuf_cottage

Skill      XL: |  1  2 |
---------------+-------+-----
Fighting       | 4 |  4.1
Axes           | |  4.7
Throwing       | |  0.2
Dodging        | |  2.8
Stealth        | |  1.7
Earth Magic    | |  0.1

Action                   || total
-------------------------++-------
Melee: Hand axe          ||    80
Throw: Stone             ||    47
  Use: Scroll            ||     3
 Stab: Sleeping          ||     2
Armor: Robe              ||     7
Dodge: Dodged            ||    51
